 Dungeon Crawl Stone Soup version 0.18-a0-337-g1235303 (webtiles) character file.

132 xeno23 the Gusty (level 4, -3/33 HPs)
             Began as a Demigod Air Elementalist on Nov 28, 2015.
             Slain by an orc priest
             ... wielding a +0 mace
              (9 damage)
             ... on level 3 of the Dungeon.
             The game lasted 00:04:30 (1827 turns).

xeno23 the Gusty (Demigod Air Elementalist)         Turns: 1827, Time: 00:04:30

Health: -3/33      AC:  5    Str: 13    XL:     4   Next: 62%
Magic:  1/11       EV: 12    Int: 19    God:
Gold:   109        SH:  0    Dex: 16    Spells: 4 memorised, 1 level left

rFire  . . .     SeeInvis .     f - +0 hand axe (venom)
rCold  . . .     Clarity  .     a - +0 robe
rNeg   . . .     SustAt   +     (no shield)
rPois  .         Gourm    .     g - +0 helmet
rElec  .         Spirit   .     (no cloak)
rCorr  .         Warding  .     n - +0 pair of gloves
rMut   .         Stasis   .     t - +0 pair of boots
MR     .....                    (no amulet)
Stlth  ++........               (no ring)
                                (no ring)

@: flying, very slightly contaminated, repel missiles, not resistant to hostile
enchantments, unstealthy
A: high mp 1, sustain attributes
a: no special abilities


You were on level 3 of the Dungeon.
You were not hungry.

You visited 1 branch of the dungeon, and saw 3 of its levels.

You collected 109 gold pieces.

Inventory:

Hand Weapons
 f - a +0 hand axe of venom (weapon)
Missiles
 e - 4 poisoned javelins (quivered)
Armour
 a - a +0 robe (worn)
 g - a +0 helmet (worn)
 n - a +0 pair of gloves (worn)
 t - a +0 pair of boots (worn)
Wands
 v - a wand of slowing (28)
Scrolls
 i - a scroll of teleportation {unknown}
 j - 3 scrolls of remove curse {unknown}
 k - a scroll of magic mapping {unknown}
 o - 2 scrolls of identify {unknown}
 p - a scroll of noise {unknown}
 r - a scroll of fog {unknown}
Potions
 d - a potion of ambrosia {unknown}
 h - a potion of flight
 m - 2 potions of poison {unknown}
 q - 2 potions of lignification {unknown}
Books
 b - a book of Air

   Spells                             Type                      Level
   a - Shock                          Conjuration/Air              1
   b - Swiftness                      Charms/Air                   2
   c - Repel Missiles                 Charms/Air                   2
   d - Static Discharge               Conjuration/Air              3
   e - Lightning Bolt                 Conjuration/Air              5
Comestibles
 c - 6 bread rations
 l - 2 slices of pizza
 s - 4 fruits
 u - 5 chunks of flesh


   Skills:
 - Level 1.7 Dodging
 - Level 1.7 Stealth
 + Level 3.0 Spellcasting
 + Level 2.4 Conjurations
 + Level 3.6 Air Magic


You had one spell level left.
You knew the following spells:

 Your Spells              Type           Power        Failure   Level  Hunger
a - Shock                 Conj/Air       ##..         6%          1    None
b - Swiftness             Chrm/Air       #.......     12%         2    ##.....
q - Static Discharge      Conj/Air       ##......     14%         3    ###....
r - Repel Missiles        Chrm/Air       #.....       12%         2    ##.....


Dungeon Overview and Level Annotations

Branches:
Dungeon (3/15)


Innate Abilities, Weirdness & Mutations

You have an increased reservoir of magic (+10% MP).
Your attributes are resistant to harm.


Message History

You don't have enough magic to cast that spell.
The orc hits you but does no damage.
You hit the orc but do no damage.
The orc is poisoned.
The orc is moderately wounded.
The orc hits you but does no damage.
An orc priest comes into view. It is wielding a mace.
You hit the orc priest but do no damage.
You closely miss the orc.
The orc is severely wounded.
The orc hits you but does no damage.
The orc priest mumbles some strange prayers to Beogh against you.
Something smites you!
* * * LOW HITPOINT WARNING * * *
You take 10 damage.
Drink which item? (? for menu, Esc to quit)
It was a potion of flight.
You feel very buoyant.
You fly up into the air.
The orc closely misses you. The orc priest hits you with a mace!
You die...

8. .. 8.8. #.# 8._.8. #.#
..8.8..# #.# ...8....#
#.# ......#.# #.#
##.#.#.#.#o# #.#†#.#.#o#
##.#.#.#@#o#
#.#.#.#.#o#.#
##.#.#.#.#.#.# ##
#.#.#.#.#.#.#.# #.#
##.#.#.#.#.#.#.# #. #.##
#.#.#.#.#.#.#.#.#.# #.#.#
##.#.#.#.#.#.#.#.# #.#.##
#.#.#.#.#.#.#.#.#.#<#.#.#
##.#.#.#.#.#.#.#.#.#.#.#.


You could see an orc priest and 2 orcs.

Vanquished Creatures
  An orc wizard (D:3)
  3 adders
  An ooze (D:2)
  2 worms (D:2)
  2 giant geckos (D:1)
  8 orcs (D:3)
  A ball python (D:2)
  5 bats
  A giant cockroach (D:1)
  6 hobgoblins
  5 jackals
  2 giant newts
  7 goblins
  6 kobolds
  A quokka (D:2)
  9 rats
60 creatures vanquished.

Notes
Turn   | Place    | Note
--------------------------------------------------------------
     0 | D:1      | xeno23 the Demigod Air Elementalist began the quest for the Orb.
     0 | D:1      | Reached XP level 1. HP: 14/14 MP: 5/5
     1 | D:1      | Reached skill level 1 in Conjurations
   330 | D:1      | Reached XP level 2. HP: 8/20 MP: 1/7
   430 | D:1      | Reached skill level 3 in Air Magic
  1009 | D:2      | Reached XP level 3. HP: 26/26 MP: 2/9
  1376 | D:2      | Found a white marble altar of Elyvilon.
  1690 | D:3      | Reached XP level 4. HP: 33/33 MP: 3/10
  1697 | D:3      | Learned a level 2 spell: Swiftness
  1700 | D:3      | Learned a level 2 spell: Repel Missiles
  1704 | D:3      | Learned a level 3 spell: Static Discharge
  1820 | D:3      | Found a faded altar to an unknown god.
  1827 | D:3      | Slain by an orc priest

Vault maps used:
D:1:      roderic_octagonal_star, serial_forest, infiniplex_forest_side_room,
          infiniplex_forest_end_2, infiniplex_forest_3_way,
          infiniplex_forest_clump_tiny, infiniplex_forest_lined_3_way,
          infiniplex_forest_clump_small, roderic_lattice_a
D:2:      marbit_many_paths, first_bread, minivault_25,
          minmay_misc_feat_four_crosses
D:3:      wad_lake_hut, ecumenical_altar_2, serial_bayou_pond_d, uniq_terence

Action                   |  1- 3 |  4- 6 || total
-------------------------+-------+-------++-------
Melee: Hand axe          |    51 |    35 ||    86
       Unarmed           |     4 |       ||     4
 Cast: Shock             |    57 |    15 ||    72
       Repel Missiles    |       |     1 ||     1
  Use: Potion            |       |     1 ||     1
 Stab: Sleeping          |     7 |       ||     7
  Eat: Chunk             |     2 |     1 ||     3
